 Dungeon Crawl Stone Soup version 0.32-a0-702-gc29ba85809 (webtiles) character file.

Game seed: 1215982617860619722

2 Nattfarinn the Firebug (level 1, -1/14 HPs)
             Began as a Mountain Dwarf Fire Elementalist on Mar 14, 2024.
             Slain by a jackal (2 damage)
             ... on level 1 of the Dungeon.
             The game lasted 00:00:31 (32 turns).

Nattfarinn the Firebug (MDFE)                         Turns: 32, Time: 00:00:31

Health: -1/14      AC:  2    Str: 10    XL:     1   Next: 25%
Magic:  0/3        EV: 10    Int: 15    God:
Gold:   15         SH:  0    Dex: 10    Spells: 2/3 levels left

rFire   . . .        c - +0 hand cannon (freeze)
rCold   . . .        (no shield)
rNeg    . . .        a - +0 robe
rPois   .            (no helmet)
rElec   .            (no cloak)
rCorr   .            (no gloves)
SInv    .            (no boots)
Will    .....        (no amulet)
Stlth   ++           (no ring)
HPRegen 0.22/turn    (no ring)
MPRegen 0.08/turn

%: no passive effects
@: no status effects
A: runic magic, artefact enchanting
a: no special abilities


You were on level 1 of the Dungeon.
You visited 1 branch of the dungeon, and saw 1 of its levels.

You collected 15 gold pieces.

Inventory:

Hand Weapons
 c - a +0 hand cannon of freezing (weapon)
Armour
 a - a +0 robe (worn)
Potions
 b - a potion of magic


   Skills:
 - Level 1.3 Dodging
 - Level 1.4 Stealth
 + Level 1.8 Spellcasting
 - Level 0.8 Conjurations
 * Level 3.7 Fire Magic


You had 2 spell levels left.
You knew the following spells:

 Your Spells              Type           Power      Damage    Failure   Level
a - Foxfire               Conj/Fire      32%        2x1d5     9%          1

Your spell library contained the following spells:

 Spells                   Type           Power      Damage    Failure   Level
 Scorch                   Fire           24%        2d6       8%          2
 Inner Flame              Hex/Fire       7%         N/A       30%         3
 Volatile Blastmotes      Fire/Tloc      14%        2d11      30%         3
 Flame Wave               Conj/Fire      8%         2d5       65%         4


Dungeon Overview and Level Annotations

Branches:
Dungeon (1/15)

Altars:


Innate Abilities, Weirdness & Mutations

Your spellcasting is much less encumbered by armour.
You can use scrolls of enchantment on lesser artefacts.


Message History

The endoplasm quivers.
The jackal barks!
The slug hits the endoplasm!
The slug freezes the endoplasm.
You kill the endoplasm!
You shoot a slug. The slug barely misses the quokka.
You hear a bark!
The quokka bites you. x3
You shoot a slug. The slug barely misses the jackal.
A jackal comes into view.
The jackal closely misses you. The quokka bites you.
The jackal bites you but does no damage.
The quokka closely misses you.
You are too injured to fight recklessly!
You are too injured to fight recklessly!
You are too injured to fight recklessly!
You are too injured to fight recklessly!
You are too injured to fight recklessly!
You are too injured to fight recklessly!
Unknown command.
Casting: Foxfire (safe; 9% risk of failure)
Confirm with . or Enter, or press ? or * to list all spells.
You conjure some foxfire!
The jackal bites you. The quokka bites you.
* * * LOW HITPOINT WARNING * * *
The jackal barely misses you.
Casting: Foxfire (safe; 9% risk of failure)
Confirm with . or Enter, or press ? or * to list all spells.
You don't have enough magic to cast this spell.
The foxfire hits the jackal but does no damage.
The foxfire hits the quokka but does no damage.
The quokka bites you.
* * * LOW HITPOINT WARNING * * *
The jackal bites you but does no damage.
Unknown command.
Casting: Foxfire (safe; 9% risk of failure)
Confirm with . or Enter, or press ? or * to list all spells.
You don't have enough magic to cast this spell.
Unknown command.
Unknown command.
The jackal bites you.
You die...

. .. ...
############...
..........†..
###......#
###....h...#
#.......hr..#
≈~~............@...#
≈≈~~ß..............#
≈≈~...........ß..###
≈≈~~.............#
≈~~........ß....##
≈~~~............#
≈≈~..~..........#
≈≈≈~~.~<.......##
≈≈≈~.~~.....[..#


You could see a quokka and 2 jackals.

Vanquished Creatures
  An endoplasm (D:1)
  A rat (D:1)
2 creatures vanquished.

Vanquished Creatures (others)
  8 foxfires (D:1)
8 creatures vanquished.

Grand Total: 10 creatures vanquished

Notes
Turn   | Place    | Note
-------+----------+-------------------------------------------
     0 | D:1      | Nattfarinn the Mountain Dwarf Fire Elementalist began the
                  | quest for the Orb.
     0 | D:1      | Reached XP level 1. HP: 14/14 MP: 3/3
    32 | D:1      | Slain by a jackal

Illustrated notes

Levels and vault maps discovered:
D:1:      nicolae_arrival_washed_ashore, layout_basic, minmay_tetromino_s4

Action                     || total
---------------------------++-------
   Fire: Hand cannon       ||     4
   Cast: Foxfire           ||     4
 Armour: Robe              ||    10
  Dodge: Dodged            ||     3

Table legend: (Time is in decaauts)
 A = Elapsed time spent in this place.
 B = Non-inter-level travel time spent in this place.
 C = Inter-level travel time spent in this place.
 D = Time resting spent in this place.
 E = Time spent auto-exploring this place.
 F = Levels seen in this place.
 G = Mean time per level.
                   A        B        C        D        E       F      G
               +--------+--------+--------+--------+--------+-----+--------+
         Total |     35 |     35 |      0 |      0 |     16 |   1 |   35.0 |
       Dungeon |     35 |     35 |      0 |      0 |     16 |   1 |   35.0 |
               +--------+--------+--------+--------+--------+-----+--------+

Top non-repeatable levels by time:
     D:1: 35 daAuts
